 Dungeon Crawl Stone Soup version 0.22.1 (webtiles) character file.

399 whitewolfNL the Covered (level 6, 0/57 HPs)
             Began as a Deep Dwarf Fighter on Sept 19, 2018.
             Killed by divine providence
             ... invoked by an orc priest
              (5 damage)
             ... on level 2 of the Dungeon.
             The game lasted 00:48:04 (5632 turns).

whitewolfNL the Covered (Deep Dwarf Fighter)        Turns: 5632, Time: 00:48:05

Health: 0/57       AC: 11    Str: 21    XL:     6   Next: 54%
Magic:  0/0        EV: 10    Int:  9    God:
Gold:   123        SH:  7    Dex: 12    Spells: 6/6 levels left

rFire    . . .     SeeInvis .   k - +0 dagger (curse)
rCold    . . .     Gourm    .   o - +2 buckler
rNeg     . . .     Faith    .   b - +1 scale mail
rPois    .         Spirit   +   p - +2 helmet
rElec    .         Reflect  .   (no cloak)
rCorr    .         Harm     .   (no gloves)
MR       .....                  (no boots)
Stlth    +.........             r - amulet of guardian spirit
HPRegen  0.00/turn              (no ring)
MPRegen  0.07/turn              (no ring)

@: non-regenerating
A: damage resistance, heal wounds, sense surroundings 1, no regeneration
a: Heal Wounds


You were on level 2 of the Dungeon.
You were not hungry.

You visited 1 branch of the dungeon, and saw 4 of its levels.

You collected 123 gold pieces.

Inventory:

Hand Weapons
 a - a +1 war axe
 d - a +0 hand axe
 k - a cursed +0 dagger (weapon)
 l - a +3 dagger
 q - a +3 short sword
 t - a +0 quarterstaff
 w - a +0 club
 x - a +0 dagger
 y - a +1 mace of crushing
 A - a cursed -2 dagger
Missiles
 g - 29 bolts
 m - 61 stones (quivered)
 n - 17 poisoned needles
 s - 37 arrows
Armour
 b - a +1 scale mail (worn)
 c - a +0 shield
 j - a +0 chain mail of fire resistance
 o - a +2 buckler (worn)
 p - a +2 helmet (worn)
 v - a +0 robe
Jewellery
 r - an amulet of guardian spirit (around neck)
Scrolls
 e - 2 scrolls of enchant armour
 u - a scroll of identify
Potions
 h - a potion of degeneration {unknown}
 B - a potion of mutation {unknown}
Comestibles
 f - a ration


   Skills:
 * Level 4.0 Fighting
 + Level 0.6 Short Blades
 + Level 3.4 Axes
 * Level 4.8 Armour
 + Level 1.7 Dodging
 * Level 2.8 Stealth
 + Level 4.2 Shields
 * Level 0.5 Spellcasting


You had 6 spell levels left.
You didn't know any spells.
Your spell library contained the following spells:

 Spells                   Type           Power        Failure   Level  Hunger
 Beastly Appendage        Tmut           #.....       71%         1    ##.....
 Sticks to Snakes         Tmut           #.......     83%         2    ###....
 Spider Form              Tmut/Pois      #.........   97%         3    ####...
 Ice Form                 Ice/Tmut       #.......     100%        4    #####..
 Blade Hands              Tmut           #.........   100%        5    ######.


Dungeon Overview and Level Annotations

Branches:
Dungeon (4/15)
 Temple: D:4-7

Altars:
Cheibriados
Elyvilon
Fedhas
Gozag
Sif Muna
Vehumet


Innate Abilities, Weirdness & Mutations

You are resistant to damage.
You can heal yourself by infusing magical energy.
You passively map a small area around you.
You do not regenerate.


Message History

Things that are here:
a +0 robe x2
You don't have enough innate magic capacity.
You don't have enough innate magic capacity.
Unknown command.
You don't have enough innate magic capacity.
The orc priest calls down the wrath of Beogh upon you.
Beogh smites you!
* * * LOW HITPOINT WARNING * * *
You don't have enough innate magic capacity.
The orc priest looks satisfied for a moment.
There is an open door here.
You close the door.
Something unseen opens the door.
There is an open door here.
You close the door.
An orc priest opens the door.
The orc priest invokes the aid of Beogh against you.
Beogh smites you!
You die...

###########
############..........
############.........##.#########
.......o..o'....@...........>....
......######.........##.#########
......# #.........##.# ## ......#
#.........##.# #. ......#
#.........##.##### #. .....o####
#.........#......# #. ......'..#
#.........#......# #. ......##.#
#.........#......# #.
......##.###.........##'##### #.


You could see an orc priest.

Vanquished Creatures
  Blork the orc (D:4)
  3 orc wizards
  Jessica (D:2)
  2 worker ants
  7 adders
  An ooze (D:1)
  An adder skeleton (D:4)
  5 dart slugs
  3 leopard geckos
  4 orcs
  A ball python (D:1)
  10 giant cockroaches
  3 goblins
  8 hobgoblins
  7 jackals
  A quokka (D:3)
  14 bats
  2 frilled lizards
  7 kobolds
  7 rats
88 creatures vanquished.

Notes
Turn   | Place    | Note
-------+----------+-------------------------------------------
     0 | D:1      | whitewolfNL the Deep Dwarf Fighter began the quest for the
                  | Orb.
     0 | D:1      | Reached XP level 1. HP: 20/20 MP: 1/1
   263 | D:1      | Reached XP level 2. HP: 28/28 MP: 2/2
   825 | D:1      | Reached XP level 3. HP: 30/34 MP: 3/3
  1588 | D:2      | Noticed Jessica
  1589 | D:2      | Found an opulent altar of Gozag.
  1619 | D:2      | Killed Jessica
  1619 | D:2      | Reached skill level 1 in Stealth
  1619 | D:2      | Reached XP level 4. HP: 17/42 MP: 0/4
  2123 | D:2      | Reached skill level 1 in Dodging
  2145 | D:2      | Reached XP level 5. HP: 30/49 MP: 0/4
  2584 | D:2      | Found a radiant altar of Vehumet.
  3833 | D:3      | Found a snail-covered altar of Cheibriados.
  4293 | D:3      | Learned a level 1 spell: Beastly Appendage
  4414 | D:3      | Found a blossoming altar of Fedhas.
  4414 | D:3      | Found a white marble altar of Elyvilon.
  4504 | D:3      | Reached XP level 6. HP: 55/57 MP: 0/3
  4632 | D:3      | Found a deep blue altar of Sif Muna.
  4739 | D:4      | Noticed Blork the orc
  4773 | D:4      | Killed Blork the orc
  5523 | D:2      | HP: 2/57 [orc priest/nerve-wracking pain (9)]
  5632 | D:2      | Killed from afar by an orc priest

Skill      XL: |  1  2  3  4  5  6 |
---------------+-------------------+-----
Fighting       | 3 4 |  4.0
Stealth        | 1 2 |  2.8
Axes           | 3 |  3.4
Dodging        | 1 |  1.7
Armour         | 4 |  4.8
Shields        | 4 |  4.2
Short Blades   | |  0.6
Spellcasting   | |  0.5

Action                   |  1- 3 |  4- 6 || total
-------------------------+-------+-------++-------
Melee: War axe           |    93 |    25 ||   118
       Dagger            |     8 |   459 ||   467
 Abil: Heal Wounds       |       |    10 ||    10
  Use: Potion            |     1 |     1 ||     2
       Scroll            |       |     8 ||     8
  Eat: Chunk             |     1 |     8 ||     9
       Ration            |     1 |     1 ||     2
Armor: Scale mail        |    87 |   210 ||   297
       Skin              |       |    17 ||    17
Dodge: Dodged            |    59 |   212 ||   271
Block: Shield            |    14 |       ||    14
       Buckler           |    35 |   196 ||   231
